Map: Ruins of Endion

Players

Celestiate

  • Race: Zerg Zerg
  • League: Silver

Mindele - Winner!

  • Race: Terran Terran
  • League: Bronze

VOD

Have the link to the VOD?

Description

Time

  • Played on: May 14, 2016, 10:15 p.m.
  • Length: 13:10
Show
View Real Time Build Order
Export as new Build Order

Celestiate Zerg 

Build Orders: Pool First 

Get SALT Encoding   

  12  0:01  Drone  
  13  0:15  Drone  
  13  0:18  Extractor  
  13  0:21  Overlord  
  13  0:30  Evolution Chamber  
  13  0:32  Drone  
  13  0:37  Drone  
  15  0:42  Drone  
  15  0:50  Drone  
  16  0:59  Drone  
  17  1:07  Extractor  
  16  1:12  Drone  
  17  1:20  Spawning Pool  
  17  1:23  Extractor  
  17  1:24  Drone  
  16  1:34  Drone  
  17  1:41  Drone  
  18  1:52  Overlord  
  18  2:08  Queen, Zergling x2  
  19  2:14  Metabolic Boost  
  21  2:18  Zergling x2  
  22  2:24  Zergling x2  
  23  2:35  Zergling x2  
  24  2:53  Zerg Missile Weapons Level 1  
  24  3:01  Zergling x4  
  26  3:06  Hatchery  
  25  3:15  Zergling x2  
  26  3:28  Zergling x2  
  26  3:29  Zergling x2  
  26  3:31  Hatchery  
  27  3:42  Roach Warren  
  27  3:47  Drone  
  27  4:10  Zergling x2, Drone x2  
  27  4:11  Baneling Nest, Zergling x2  
  30  4:18  Overlord  
  26  4:49  Zergling x6  
  26  4:50  Roach x2  
  33  5:01  Drone x2  
  35  5:08  Baneling x4  
  35  5:09  Baneling x2  
  35  5:16  Drone  
  35  5:17  Drone  
  37  5:24  Drone x2  
  37  5:26  Extractor  
  38  5:32  Drone  
  38  5:33  Drone  
  40  5:36  Drone  
  41  5:47  Queen  
  43  5:50  Zergling x2  
  44  5:59  Roach  
  44  6:00  Roach  
  48  6:19  Baneling x3  
  48  6:22  Overlord x2  
  48  6:23  Overlord  
  48  6:24  Roach  
  50  6:33  Extractor  
  50  6:36  Extractor, Spore Crawler  
  50  6:38  Spine Crawler  
  50  6:39  Drone  
  47  6:45  Ravager  
  48  6:47  Baneling  
  48  6:48  Baneling x2  
  48  6:49  Baneling  
  48  6:50  Drone  
  49  6:55  Zergling x2  
  49  6:56  Drone  
  51  7:11  Drone x3  
  51  7:12  Drone x2  
  56  7:19  Spine Crawler  
  56  7:21  Ravager  
  56  7:22  Ravager  
  57  7:23  Ravager  
  57  7:26  Roach  
  55  7:47  Zergling x4  
  55  7:48  Zergling x8, Roach  
  55  7:49  Zergling x2, Roach  
  44  8:09  Baneling x2  
  44  8:10  Baneling  
  40  8:19  Roach  
  32  8:29  Drone x3  
  32  8:37  Queen  
  31  8:46  Hatchery  
  17  8:53  Drone  
  17  9:07  Extractor  
  17  9:12  Drone x2  
  17  9:15  Spawning Pool  
  18  9:17  Drone  
  19  9:25  Drone  
  19  9:53  Drone x4  
  23  10:00  Extractor  
  23  10:01  Evolution Chamber  
  23  10:05  Drone  
  22  10:15  Drone  
  21  10:30  Drone x3  
  23  10:39  Drone  
  24  10:46  Drone  
  25  10:58  Drone  
  25  11:02  Lair  
  26  11:09  Drone  
  27  11:12  Zergling x4, Roach  
  31  11:21  Roach Warren  
  31  11:22  Drone  
  32  11:32  Drone  
  32  11:41  Drone  
  32  11:43  Roach x2  
  32  11:45  Roach  
  39  12:08  Roach x2  
Show
View Real Time Build Order
Export as new Build Order

Mindele Terran - Winner!

Build Orders:  

Get SALT Encoding   

  12  0:01  SCV  
  13  0:13  SCV  
  14  0:19  Supply Depot  
  14  0:25  SCV  
  15  0:40  SCV  
  16  0:43  Barracks  
  16  0:53  SCV  
  17  1:00  Barracks  
  17  1:05  SCV  
  18  1:12  Refinery  
  18  1:20  SCV  
  19  1:33  Orbital Command  
  19  1:38  Marine  
  20  1:42  Supply Depot  
  20  1:49  Marine  
  21  1:55  Barracks  
  21  1:58  Marine  
  21  2:00  SCV  
  23  2:11  Marine  
  23  2:12  SCV  
  25  2:18  Supply Depot  
  25  2:19  Marine  
  26  2:24  SCV  
  27  2:30  Marine  
  28  2:37  Marine  
  28  2:40  Supply Depot  
  28  2:43  Barracks  
  29  2:44  Reaper  
  29  2:48  Reaper  
  31  2:52  SCV  
  31  2:55  Reaper  
  33  3:02  Supply Depot  
  33  3:04  SCV  
  34  3:16  SCV  
  35  3:20  Barracks  
  35  3:21  Marine  
  35  3:24  Marine  
  37  3:27  Marine  
  37  3:28  SCV  
  37  3:30  Marine  
  40  3:40  Marine, SCV  
  42  3:43  Marine  
  43  3:49  Marine  
  43  3:52  Supply Depot  
  44  3:57  Factory  
  44  3:58  Marine  
  45  4:02  Marine  
  45  4:03  Marine  
  45  4:09  Marine x2  
  49  4:17  Supply Depot  
  49  4:26  Marine  
  49  4:27  Marine  
  51  4:31  Marine  
  51  4:41  Marine x2  
  51  4:42  SCV  
  51  4:44  Marine  
  55  4:48  Marine, Armory  
  54  4:54  SCV  
  54  4:56  Marine  
  56  5:07  Marine, SCV  
  57  5:08  Marine  
  59  5:14  Marine x2  
  59  5:19  Supply Depot  
  60  5:25  SCV  
  60  5:26  Marine x3  
  64  5:32  Factory Tech Lab  
  64  5:35  Marine  
  64  5:37  SCV  
  66  5:43  Marine  
  66  5:49  Marine x2, SCV  
  70  5:50  Supply Depot  
  70  5:56  Thor  
  76  6:01  SCV  
  77  6:07  Terran Vehicle And Ship Armor Level 1  
  77  6:10  Marine x2  
  79  6:12  Marine  
  79  6:13  Supply Depot, SCV  
  81  6:55  Marine x2  
  81  6:56  Marine  
  81  6:57  Marine x2  
  86  7:05  SCV  
  87  7:16  Thor  
  87  7:17  SCV  
  94  7:24  Refinery  
  73  7:53  Marine x4  
  73  7:54  Marine  
  77  8:11  Marine x2  
  77  8:26  Command Center  
  70  8:57  Marine x4  
  74  9:03  SCV  
  75  9:15  SCV  
  76  9:21  Marine x4  
  80  9:30  SCV  
  81  9:36  Starport  
  81  9:40  Refinery  
  81  9:41  Refinery  
  81  9:42  SCV  
  79  9:58  Orbital Command  
  79  9:59  Siege Tank  
  82  10:19  Starport Tech Lab  
  80  10:26  Marine x3  
  80  10:27  Marine  
  82  11:22  Marine  
  82  11:23  Marine  
  82  11:26  SCV  
  82  11:29  Banshee  
  86  11:38  SCV  
  87  11:46  Thor  
  93  11:55  Supply Depot  
  93  11:58  Supply Depot x2  
  93  12:00  Supply Depot  
  92  12:11  Marine x3  
  92  12:12  Marine x2  
  96  12:39  Marine x2  
Tags
 
Add a new tag
Caveats
  • Supply blocks, unpowered buildings, or Contaminate may cause inaccurate times.
  • Supply counts are checked every 10 seconds.